 Dungeon Crawl Stone Soup version 0.30-a0-469-g84de5afbc5 (console) character file.

Game seed: 7155830130476779103

3910 Abuh the Cleaver (level 10, -2/94 HPs)
             Began as a Minotaur Berserker on Dec 14, 2022.
             Was an Elder of Trog.
             Killed by divine providence
             ... invoked by an orc priest
              (10 damage)
             ... on level 8 of the Dungeon on Dec 19, 2022.
             The game lasted 00:36:11 (7805 turns).

Abuh the Cleaver (Minotaur Berserker)               Turns: 7805, Time: 00:36:12

Health: -2/94      AC:  9    Str: 29    XL:     10   Next: 1%
Magic:  9/9        EV: 11    Int: 10    God:    Trog [****..]
Gold:   466        SH:  0    Dex: 10    Spells: 9/9 levels left

rFire   + . .      SeeInvis +    a - +0 hand axe
rCold   + + .      Faith    .    (no shield)
rNeg    . . .      Spirit   .    y - +0 scale mail of the Stag {Contam +Inv Str+3 SInv}
rPois   .          Reflect  .    (helmet restricted)
rElec   .          Harm     .    A - scarf {rC+ rF+}
rCorr   .          Rampage  .    w - +1 pair of gloves
Will    .....                    (no boots)
Stlth   ..........               (no amulet)
HPRegen 0.35/turn                i - ring of protection from cold
MPRegen 0.11/turn                q - +6 ring of intelligence

@: lethally poisoned (-2 -> -3), on berserk cooldown, slowed, very slow
A: horns 2, retaliatory headbutt
a: Renounce Religion, Evoke Invisibility, Berserk, Trog's Hand, Brothers in Arms


You were on level 8 of the Dungeon.
You worshipped Trog.
Trog was greatly pleased with you.
You visited 1 branch of the dungeon, and saw 8 of its levels.

You collected 466 gold pieces.

Inventory:

Hand Weapons
 a - a +0 hand axe (weapon)
Armour
 o - a +0 scale mail
 w - a +1 pair of gloves (worn)
 y - the +0 scale mail of the Stag (worn) {Contam +Inv Str+3 SInv}
   (You found it on level 5 of the Dungeon)

   Str:       It affects your strength (+3).
   SInv:      It lets you see invisible.
   +Inv:      It lets you turn invisible.
   Contam:    It causes magical contamination when unequipped.
 A - a scarf of resistance (worn)
Jewellery
 i - a ring of protection from cold (left hand)
 q - a +6 ring of intelligence (right hand)
Wands
 n - a wand of polymorph (4)
 D - a wand of paralysis (4)
Scrolls
 b - a scroll of noise {unknown}
 c - 3 scrolls of brand weapon {unknown}
 e - 6 scrolls of identify {unknown}
 f - 6 scrolls of fog {unknown}
 k - 2 scrolls of fear {unknown}
 m - 4 scrolls of vulnerability {unknown}
 p - 3 scrolls of teleportation {unknown}
 r - a scroll of enchant weapon {unknown}
 x - 2 scrolls of blinking {unknown}
 B - a scroll of poison {unknown}
 C - a scroll of amnesia {unknown}
Potions
 d - 3 potions of flight {unknown}
 g - a potion of cancellation {unknown}
 h - 3 potions of curing {unknown}
 j - 2 potions of heal wounds {unknown}
 l - a potion of lignification {unknown}
 s - a potion of ambrosia {unknown}
 t - a potion of attraction {unknown}
 u - a potion of invisibility {unknown}
 v - a potion of haste {unknown}
 z - a potion of resistance {unknown}


   Skills:
 + Level 10.3 Fighting
 - Level 14.0 Axes
 + Level 3.7 Armour
 + Level 3.3 Dodging


You had 9 spell levels left.
You didn't know any spells.
Your spell library was empty.

Dungeon Overview and Level Annotations

Branches:
Dungeon (8/15)             Temple (0/1) D:7
   Lair: D:8-11

Altars:
Cheibriados
Fedhas
Hepliaklqana
Kikubaaqudgha
Makhleb
Nemelex Xobeh
Qazlal
Sif Muna
Yredelemnul


Innate Abilities, Weirdness & Mutations

You have a pair of horns on your head.
You reflexively headbutt those who attack you in melee.


Message History

You barely miss the killer bee.
You headbutt the killer bee, but do no damage.
You feel very sick. The killer bee stings you.
* * * LOW HITPOINT WARNING * * *
The killer bee barely misses you.
You slash the killer bee! Your punch misses the killer bee.
The killer bee is heavily wounded.
You feel sick.
The killer bee stings you but does no damage.
You slash the killer bee!
You kill the killer bee!
Trog accepts your kill.
You feel sick.
The orc priest calls down the wrath of Beogh upon you.
Beogh smites you!
* * * LOW HITPOINT WARNING * * *
You have reached level 10!
You feel very sick.
The orc priest calls down the wrath of Beogh upon you.
Beogh smites you!
* * * LOW HITPOINT WARNING * * *
Things that are here:
a killer bee corpse; a killer bee corpse You hit the orc priest.
Your headbutt misses the orc priest.
The orc priest is lightly wounded.
You feel sick.
The orc priest hits you but does no damage.
You hit the orc priest.
The orc priest is moderately wounded.
You feel sick. The orc priest barely misses you.
You slash the orc priest!
The orc priest is severely wounded.
You feel sick. The orc priest barely misses you.
You hit the orc priest but do no damage.
The orc priest is severely wounded.
You feel sick.
The orc priest invokes the aid of Beogh against you.
Beogh smites you!
You die...

#..# #[#####.# .).# #.......#
#.####.## ... #.# #.# #.# #.#
#.# #.# #.# #.#
#.##.####.####.# #.#
#.##...........# #.#
#.#######.###### #.#
#.##...†..#
#.###o##############.##.######
#..<.†@......##......†..#
########.###......>..####
#.######.###### #........#
##########


You could see an orc priest.

Vanquished Creatures
  Pikel (D:6)
  A hornet (D:8)
  Prince Ribbit (D:5)
  Sigmund (D:2)
  A steam dragon (D:8)
  Menkaure (D:5)
  A water moccasin (D:6)
  A sky beast (D:7)
  A black bear (D:6)
  4 ogres
  A centaur (D:5)
  A phantom (D:5)
  2 kobold brigands
  3 bullfrogs
  A scorpion (D:7)
  3 necrophages
  A gnoll sergeant (D:6)
  9 killer bees (D:8)
  3 howler monkeys (D:7)
  4 hounds
  2 orc priests (D:4)
  2 gnoll boudas
  4 iguanas
  5 orc wizards (D:5)
  6 adders
  11 gnolls
  A white imp (D:6)
  2 worms
  2 dart slugs
  8 orcs
  11 ball pythons
  8 endoplasms
  8 giant cockroaches
  7 goblins
  4 hobgoblins
  4 jackals (D:1)
  3 quokkas
  3 bats
  2 frilled lizards (D:2)
  12 kobolds
  3 rats
149 creatures vanquished.

Notes
Turn   | Place    | Note
-------+----------+-------------------------------------------
     0 | D:1      | Abuh the Minotaur Berserker began the quest for the Orb.
     0 | D:1      | Reached XP level 1. HP: 19/19 MP: 0/0
   102 | D:1      | Reached skill level 4 in Axes
   217 | D:1      | Reached XP level 2. HP: 22/26 MP: 1/1
   320 | D:1      | Upgraded the game from 0.30-a0-458-g86641cc369 to
                  | 0.30-a0-465-g8901f6c8b5
   325 | D:1      | Upgraded the game from 0.30-a0-465-g8901f6c8b5 to
                  | 0.30-a0-469-g84de5afbc5
   414 | D:1      | Reached skill level 5 in Axes
  1130 | D:2      | Reached XP level 3. HP: 23/31 MP: 2/2
  1302 | D:2      | Reached ** piety under Trog
  1360 | D:2      | You fall into a shaft and drop 1 floor!
  1696 | D:3      | Reached XP level 4. HP: 35/39 MP: 3/3
  1730 | D:3      | Reached skill level 6 in Axes
  2431 | D:2      | Noticed Sigmund
  2442 | D:2      | Killed Sigmund
  2443 | D:2      | Reached skill level 8 in Axes
  2443 | D:2      | Reached XP level 5. HP: 35/45 MP: 4/4
  2443 | D:2      | Reached XP level 6. HP: 40/51 MP: 5/5
  3063 | D:4      | Reached *** piety under Trog
  3291 | D:4      | Reached skill level 9 in Axes
  3873 | D:4      | Reached XP level 7. HP: 36/57 MP: 6/6
  4028 | D:5      | Entered Level 5 of the Dungeon
  4039 | D:5      | Identified the +0 scale mail of the Stag {Contam +Inv Str+3
                  | SInv}
  4210 | D:5      | Found a blossoming altar of Fedhas.
  4233 | D:5      | Reached skill level 10 in Axes
  4293 | D:5      | Noticed Menkaure
  4327 | D:5      | Killed Menkaure
  4376 | D:5      | Reached skill level 11 in Axes
  4594 | D:5      | Reached XP level 8. HP: 47/64 MP: 7/7
  4651 | D:5      | Reached skill level 12 in Axes
  4887 | D:5      | Noticed Prince Ribbit
  4907 | D:5      | Killed Prince Ribbit
  4908 | D:5      | Reached skill level 13 in Axes
  5540 | D:6      | Noticed Pikel
  5555 | D:6      | Killed Pikel
  5556 | D:6      | Reached skill level 14 in Axes
  5556 | D:6      | Reached skill level 5 in Fighting
  5556 | D:6      | Reached XP level 9. HP: 75/75 MP: 8/8
  6243 | D:6      | Found a snail-covered altar of Cheibriados.
  6243 | D:6      | Found a shimmering blue altar of Sif Muna.
  6244 | D:6      | Found an ancient bone altar of Kikubaaqudgha.
  6244 | D:6      | Found a burning altar of Makhleb.
  6245 | D:6      | Found a sparkling altar of Nemelex Xobeh.
  6246 | D:6      | Found a hazy altar of Hepliaklqana.
  6648 | D:7      | Reached **** piety under Trog
  6651 | D:7      | Found a staircase to the Ecumenical Temple.
  6888 | D:7      | Found a stormy altar of Qazlal.
  6960 | D:7      | Found a basalt altar of Yredelemnul.
  7473 | D:8      | Reached skill level 10 in Fighting
  7801 | D:8      | Reached XP level 10. HP: 22/94 MP: 9/9
  7805 | D:8      | Killed from afar by an orc priest

Illustrated notes

Levels and vault maps discovered:
D:1:      evilmike_arrival_hilbert_curve, layout_loops_cross
D:2:      minmay_evil_eye, layout_rooms, minmay_misc_feat_chi,
          dreamdust_princess_bridge, uniq_sigmund
D:3:      layout_basic
D:4:      layout_layer_cave
D:5:      layout_gridville, lemuel_doored_altar, uniq_prince_ribbit1,
          uniq_menkaure
D:6:      layout_basic, grunt_temple_overflow_open, uniq_pikel
D:7:      layout_basic, mainiacjoe_overflow_alcove_4, grunt_qazlal_sundering,
          minmay_temple_entry_statues_fountains, dk_noncrumbling_3
D:8:      minmay_ornate_pinched, layout_loops_ring, special_room
          [special_room_orc], kennysheep_minor_cross

Skill      XL: |  1  2  3  4  5  6  7  8  9 |
---------------+----------------------------+-----
Axes           | 4 5 8 9 11 14 | 14.0
Fighting       | 5 10 | 10.3
Armour         | 3 |  3.7
Dodging        | 3 |  3.3

Action                   |  1- 3 |  4- 6 |  7- 9 | 10-12 || total
-------------------------+-------+-------+-------+-------++-------
Melee: Hand axe          |    95 |    85 |   283 |     4 ||   467
       Punch             |     1 |     1 |     5 |       ||     7
       Headbutt          |     9 |    14 |    55 |       ||    78
Invok: Berserk           |       |       |     8 |       ||     8
 Stab: Sleeping          |     1 |       |       |       ||     1
Armor: Animal skin       |    12 |     5 |       |       ||    17
       Scale mail        |       |    17 |   100 |     1 ||   118
Dodge: Dodged            |    54 |    56 |    97 |     2 ||   209

Table legend: (Time is in decaauts)
 A = Elapsed time spent in this place.
 B = Non-inter-level travel time spent in this place.
 C = Inter-level travel time spent in this place.
 D = Time resting spent in this place.
 E = Time spent auto-exploring this place.
 F = Levels seen in this place.
 G = Mean time per level.
                   A        B        C        D        E       F      G
               +--------+--------+--------+--------+--------+-----+--------+
         Total |   7793 |   7479 |    314 |   2014 |   4171 |   8 |  974.1 |
       Dungeon |   7793 |   7479 |    314 |   2014 |   4171 |   8 |  974.1 |
               +--------+--------+--------+--------+--------+-----+--------+

Top non-repeatable levels by time:
     D:4: 1414 daAuts
     D:6: 1223 daAuts
     D:5: 1157 daAuts
     D:7: 1029 daAuts
     D:1: 990 daAuts
     D:3: 830 daAuts
     D:2: 787 daAuts
     D:8: 358 daAuts
